AoeStats
← RedPhosphoru

Arabian Desert

509798019Analyzed
1v1 RM · 4d ago on Sep 28, 2026· 24m 9s· 2 players
Game mode
Random Map
Map size
Tiny (2 player)
Population
200
Speed
Normal
Resources
Standard
Victory
Conquest
Starting age
Dark Age
Ending age
Imperial Age
RankedLock teamsTeams togetherTeam positionsShared explorationLock speedFull tech treeHidden civsTurbo modeCheats
Victory
Defeat
🇺🇸 Saxons · United States
2297
+1
🇵🇰 Muisca · Pakistan
1657
-1
RedPhosphoru
7:55 Loom
9:40 Feudal Age
14:09 Castle Age
12:25 Double-Bit Axe
15:30 Bow Saw
19:08 Sanctity
20:25 Atonement
21:44 Clerical Recruitment
Malik Bhai
6:48 Loom
9:36 Feudal Age
14:33 Castle Age
13:10 Double-Bit Axe
14:19 Horse Collar
20:50 Atonement
20:49 Fletching
22:54 Bodkin Arrow
Connection lost

Rejoining the realm…

Still unreachable

The connection could not be restored.

Session expired

The server has moved on; the page needs a fresh start.